cohdb
Replays
Latest Replays
All Replays
Popular Replays
Top Player Replays
Match Explorer
How It Works
Community
CoH3 Stats
Reddit
Sign in to upload your games and track your stats! →
Sign in with Steam
Match 41881229
Unlisted
Match 41881229
Overview
Messages
Build Orders
End
Royal Engineer Section
Construct Section Command Post
Dingo Light Scout Car
Infantry Section
Infantry Section
Infantry Section
Selects Canadian Shock Battlegroup
Selects Offensive Resupply
Construct Platoon Command Post
Selects Incendiary Munitions
Selects Canadian Shock Section
6-pounder Anti-tank Gun Team
Selects Pyrotechnics
Construct Field Infirmary
Humber Armored Car
Canadian Shock Section
Grenade Package
Selects Smoke Operation
Construct Company Command Post
Matilda II Heavy Tank
The Major General
MadMax
0
0
Comments
sign in to comment!
No comments posted yet!